 Dungeon Crawl Stone Soup version 0.26.1-11-gd32895ea62 (webtiles) character file.

Game seed: 8704648795496526929

1166 karkarkar the Covered (level 8, -1/48 HPs)
             Began as a Gargoyle Fighter on May 14, 2021.
             Slain by an orc warrior
             ... wielding a +0 halberd
              (18 damage)
             ... on level 6 of the Dungeon.
             The game lasted 00:26:04 (5364 turns).

karkarkar the Covered (Gargoyle Fighter)            Turns: 5364, Time: 00:26:05

Health: -1/48      AC: 15    Str: 22    XL:     8   Next: 40%
Magic:  12/12      EV:  8    Int: 17    God:
Gold:   318        SH: 15    Dex:  9    Spells: 12/12 levels left

rFire    . . .     SeeInvis .   A - +2 war axe (freeze)
rCold    + . .     Faith    .   c - +0 kite shield
rNeg     + . .     Spirit   .   a - +0 scale mail {Will+}
rPois    ∞         Reflect  +   (no helmet)
rElec    +         Harm     .   y - scarf {+Inv}
rCorr    .         Rampage  .   (no gloves)
Will     +....                  v - +1 pair of boots
Stlth    ..........             b - amulet of reflection
HPRegen  0.16/turn              i - ring of protection from cold
MPRegen  0.13/turn              t - +6 ring of intelligence

@: no status effects
A: clever 1, negative energy resistance 1, electricity resistance, unbreathing,
petrification resistance, miasma immunity, subdued magic 1, AC +5
a: Evoke Invisibility


You were on level 6 of the Dungeon.
You visited 2 branches of the dungeon, and saw 7 of its levels.

You collected 318 gold pieces.

Inventory:

Hand Weapons
 e - a +2 short sword of venom
 A - a +2 war axe of freezing (weapon)
Missiles
 d - 2 boomerangs of dispersal
 h - 5 datura-tipped darts (quivered)
Armour
 a - a +0 scale mail of willpower (worn)
 c - a +0 kite shield (worn)
 v - a +1 pair of boots (worn)
 y - a scarf of invisibility (worn)
Magical Staves
 E - an uncursed staff of poison
Jewellery
 b - an amulet of reflection (around neck)
 i - a ring of protection from cold (left hand)
 t - a +6 ring of intelligence (right hand)
 F - an uncursed ring of positive energy
Scrolls
 f - 4 scrolls of teleportation
 k - 2 scrolls of amnesia
 l - a scroll of immolation
 n - a scroll of enchant weapon {unknown}
 z - 4 scrolls of remove curse
 B - 4 scrolls of blinking
 C - 2 scrolls of enchant armour
Potions
 g - a potion of brilliance {unknown}
 j - a potion of ambrosia {unknown}
 m - 2 potions of lignification
 o - a potion of magic
 p - a potion of attraction {unknown}
 q - a potion of haste {unknown}
 r - a potion of mutation
 u - a potion of invisibility {unknown}
 w - 2 potions of heal wounds
 D - a potion of curing


   Skills:
 + Level 4.2 Fighting
 - Level 4.0 Short Blades
 * Level 3.0(3.3) Axes
 + Level 2.1(3.0) Maces & Flails
 + Level 0.4 Throwing
 + Level 5.2 Armour
 + Level 1.9 Dodging
 + Level 5.2 Shields
 - Level 2.7 Spellcasting
 * Level 1.7 Evocations


You had 12 spell levels left.
You didn't know any spells.
Your spell library contained the following spells:

 Spells                   Type           Power        Failure   Level
 Magic Dart               Conj           4%           80%         1
 Summon Small Mammal      Summ           4%           80%         1
 Call Imp                 Summ           1%           91%         2
 Searing Ray              Conj           2%           91%         2
 Call Canine Familiar     Summ           1%           99%         3
 Dazzling Flash           Conj/Hex       2%           99%         3
 Summon Guardian Golem    Hex/Summ       1%           99%         3
 Fulminant Prism          Conj/Hex       0%           100%        4
 Iskenderun's Mystic Bla  Conj/Tloc      1%           100%        4
 Summon Ice Beast         Ice/Summ       1%           100%        4
 Summon Lightning Spire   Summ/Air       1%           100%        4


Dungeon Overview and Level Annotations

Branches:
Dungeon (6/15)             Temple (1/1) D:6

Altars:
Ashenzari
Cheibriados
Dithmenos
Elyvilon
Fedhas
Gozag
Hepliaklqana
Kikubaaqudgha
Makhleb
Nemelex Xobeh
Qazlal
Sif Muna
Uskayaw
Vehumet
Wu Jian
Yredelemnul
Zin
The Shining One


Innate Abilities, Weirdness & Mutations

You are resistant to torment.
Your stone body is resilient. (AC +5)
You are immune to poison.
You resist negative energy. (rN+)
You are resistant to electric shocks. (rElec)
You can survive without breathing.
You are immune to petrification.
You are immune to miasma.
Your mind is acute. (Int +2)
Your spells are a little easier to cast, but a little less powerful.


Message History

You hear a shout!
Your shield prevents you from hitting the orc priest.
The orc priest barely misses you.
You slash the orc priest! You freeze the orc priest.
You kill the orc priest!
Your Axes skill increases to level 3!
The orc shouts!
Things that are here:
a +0 mace; a +0 giant club; an orc corpse The orc warrior barely misses you.
You hit the orc warrior but do no damage.
The orc warrior hits you with a +0 halberd!
You hit the orc warrior but do no damage.
The orc warrior hits you with a +0 halberd!
You are too injured to fight recklessly!
You are too injured to fight recklessly!
You hit the orc warrior but do no damage.
The orc hits you from afar with a +0 trident.
The orc warrior hits you with a +0 halberd!!
You die...

#≈≈≈≈≈≈≈# ####################
#≈≈≈≈≈≈≈#
≈≈≈≈≈≈≈≈≈≈≈≈≈≈≈≈≈≈≈#####≈≈≈≈≈≈≈#
≈≈≈≈≈≈≈≈≈≈≈≈≈≈≈≈≈≈≈≈≈≈≈≈≈≈≈≈≈≈≈#
≈≈≈≈≈≈≈≈≈≈≈≈≈≈≈≈≈≈≈≈≈≈≈≈≈≈≈≈≈≈≈#
≈≈≈≈.≈≈.≈≈≈≈.≈≈.≈.≈≈.≈.≈≈.≈...≈#
...............................#
...)............ooo............#
################@###############
#).# #.## #.# ####.####
#.......# #.......# #.......#
#.......#


You could see an orc warrior, an orc wizard and an orc.

Vanquished Creatures
  Eustachio (D:5)
  2 ice beasts
  A sky beast (D:5)
  An ogre (D:6)
  A centaur (D:4)
  A phantom (D:5)
  A bullfrog (D:6)
  A howler monkey (D:5)
  An electric eel (D:6)
  An orc wizard (D:5)
  A jelly (D:5)
  An orc priest (D:6)
  A bullfrog skeleton (D:4)
  A worker ant (D:3)
  A hound skeleton (D:4)
  A howler monkey skeleton (D:4)
  8 adders
  An ufetubus (D:6)
  5 worms
  2 dart slugs (D:1)
  5 leopard geckos
  8 orcs
  2 ball pythons
  10 bats
  3 giant cockroaches
  6 hobgoblins
  9 jackals
  7 kobolds
  A quokka (D:6)
  4 frilled lizards
  18 goblins
  A leopard gecko zombie (D:6)
  A quokka zombie (D:5)
  13 rats
121 creatures vanquished.

Vanquished Creatures (collateral kills)
  An orc (D:5)
1 creature vanquished.

Vanquished Creatures (others)
  2 plants (D:6)
2 creatures vanquished.

Grand Total: 124 creatures vanquished

Notes
Turn   | Place    | Note
-------+----------+-------------------------------------------
     0 | D:1      | karkarkar the Gargoyle Fighter began the quest for the Orb.
     0 | D:1      | Reached XP level 1. HP: 14/14 MP: 1/1
   144 | D:1      | Reached XP level 2. HP: 19/19 MP: 2/2
   585 | D:1      | Reached skill level 1 in Short Blades
   621 | D:1      | You fall into a shaft and drop 1 floor!
   852 | D:2      | Reached XP level 3. HP: 17/23 MP: 3/3
  1268 | D:2      | Found a glowing golden altar of the Shining One.
  1793 | D:3      | Found a glowing golden altar of the Shining One.
  1841 | D:3      | Reached skill level 1 in Spellcasting
  1841 | D:3      | Reached XP level 4. HP: 14/28 MP: 5/5
  2172 | D:3      | Noticed an ice beast
  2184 | D:3      | Killed an ice beast
  2185 | D:3      | Reached skill level 1 in Dodging
  2185 | D:3      | Reached XP level 5. HP: 33/33 MP: 5/7
  2663 | D:3      | Reached XP level 6. HP: 38/38 MP: 8/8
  2878 | D:3      | Gained mutation: Your spells are a little easier to cast,
                  | but a little less powerful. [potion of mutation]
  2878 | D:3      | Gained mutation: Your mind is acute. (Int +2) [potion of
                  | mutation]
  3570 | D:5      | Entered Level 5 of the Dungeon
  3700 | D:5      | Noticed an ice beast
  3717 | D:5      | Killed an ice beast
  3718 | D:5      | Reached XP level 7. HP: 33/42 MP: 10/10
  4121 | D:5      | Reached skill level 5 in Armour
  4222 | D:5      | Noticed Eustachio
  4281 | D:5      | Killed Eustachio
  4282 | D:5      | Reached skill level 1 in Evocations
  4282 | D:5      | Reached XP level 8. HP: 40/48 MP: 12/12
  4597 | D:6      | Found a shadowy altar of Dithmenos.
  4598 | D:6      | Found an ancient bone altar of Kikubaaqudgha.
  4599 | D:6      | Found a hazy altar of Hepliaklqana.
  4607 | D:6      | Reached skill level 5 in Shields
  4712 | D:6      | Found a faded altar of an unknown god.
  4712 | D:6      | Found a staircase to the Ecumenical Temple.
  4932 | Temple   | Entered the Ecumenical Temple
  5145 | D:6      | Found a blossoming altar of Fedhas.
  5364 | D:6      | Slain by an orc warrior

Illustrated notes

Levels and vault maps discovered:
D:1:      minmay_arrival_glassed_features, layout_loops_ring,
          minmay_misc_feat_iff
D:2:      layout_loops_ring, tso_oasis_becter, minmay_randomly_rotated_circles
D:3:      minmay_thinvault, layout_rooms, tso_metal_star
D:4:      layout_rooms
D:5:      layout_loops_cross, minmay_misc_feat_doors, uniq_eustachio
D:6:      minmay_goblin_kobold_castle, layout_rooms, overflow_temple_1_default,
          chequers_temple_overflow_statue_of_worship,
          nicolae_temple_entry_ecumenical, serial_bayou_pond_e, uniq_duvessa
Temple:   dshaligram_water_room_temple

Skill      XL: |  1  2  3  4  5  6  7  8 |
---------------+-------------------------+-----
Short Blades   | 1 2 3 4 |  4.0
Spellcasting   | 1 2 |  2.7
Armour         | 4 5 |  5.2
Dodging        | 1 |  1.9
Shields        | 4 5 |  5.2
Fighting       | 4 |  4.2
Axes           | 2 3 |  3.0
Evocations     | 1 |  1.7
Maces & Flails | |  2.1
Throwing       | |  0.4

Action                   |  1- 3 |  4- 6 |  7- 9 || total
-------------------------+-------+-------+-------++-------
Melee: Flail             |    15 |       |       ||    15
       Short sword       |    97 |   180 |    16 ||   293
       War axe           |       |       |   128 ||   128
Throw: Dart              |       |     4 |     1 ||     5
  Use: Scroll            |     2 |     5 |     1 ||     8
       Potion            |     1 |     2 |     2 ||     5
Armor: Scale mail        |    73 |    82 |    83 ||   238
Dodge: Dodged            |    32 |    64 |    65 ||   161
Block: Kite shield       |    58 |    80 |   118 ||   256
       Reflection        |       |       |    12 ||    12
